 Dungeon Crawl Stone Soup version 0.31.0-9-g3a7656b989 (webtiles) character file.

Game seed: 5630622143465807578

109 Zeor the Slasher (level 4, -6/34 HPs)
             Began as a Demonspawn Gladiator on Jan 24, 2024.
             Mangled by a gnoll
             ... wielding a +0 trident
              (8 damage)
             ... on level 3 of the Dungeon.
             The game lasted 00:05:57 (1897 turns).

Zeor the Slasher (Demonspawn Gladiator)             Turns: 1897, Time: 00:05:57

Health: -6/34      AC:  3    Str: 14    XL:     4   Next: 60%
Magic:  4/4        EV: 12    Int: 11    God:
Gold:   162        SH:  0    Dex: 14    Spells: 3/3 levels left

rFire   . . .        a - +0 long sword
rCold   . . .        (no shield)
rNeg    . . .        b - +0 leather armour
rPois   .            (helmet restricted)
rElec   .            (no cloak)
rCorr   .            (no gloves)
SInv    .            (no boots)
Will    .....        (no amulet)
Stlth   +            (no ring)
HPRegen 0.25/turn    (no ring)
MPRegen 0.09/turn

%: no passive effects
@: hasted, studying Air Magic, very quick
A: antennae 1, powered by death 1, powered by pain 1
a: no special abilities


You were on level 3 of the Dungeon.
You visited 1 branch of the dungeon, and saw 3 of its levels.

You collected 162 gold pieces.

Inventory:

Hand Weapons
 a - a +0 long sword (weapon)
 c - the +0 falchion of Kismet {drain, +Blink MP+9 Str+4 Dex-5}
   (You found it on level 2 of the Dungeon)

   Str+4:     It affects your strength (+4).
   Dex-5:     It affects your dexterity (-5).
   MP+9:      It affects your magic capacity (+9).
   +Blink:    It lets you blink.
Missiles
 d - 3 throwing nets (quivered)
 e - a javelin
Armour
 b - a +0 leather armour (worn)
Jewellery
 f - a +6 ring of intelligence
Talismans
 j - a beast talisman
Scrolls
 m - a scroll of blinking
Potions
 g - a potion of lignification
 i - a potion of brilliance
 k - a potion of curing
 n - a potion of invisibility


   Skills:
 + Level 2.6 Fighting
 * Level 3.6 Long Blades
 + Level 2.0 Throwing
 + Level 1.4 Armour
 + Level 3.2 Dodging
 + Level 0.4 Stealth


You had 3 spell levels left.
You didn't know any spells.
Your spell library was empty.

Dungeon Overview and Level Annotations

Branches:
Dungeon (3/15)

Altars:
Qazlal


Innate Abilities, Weirdness & Mutations

You have a pair of small antennae on your head.
You regenerate a little health from kills.
You sometimes gain a little power by taking damage.


Message History

You barely miss the rat. The rat closely misses you. The rat barely misses you.
You hit the rat.
You kill the rat!
Items here: ) †††.
h - a +2 whip of holy wrath You drop a +2 whip of holy wrath.
You start resting.
You sense a monster nearby.
A gnoll comes into view. It is wielding a +0 whip.
A gnoll comes into view. It is wielding a +0 trident.
The gnoll shouts! x2; You hear a shout!
The gnoll hits you from afar with a +0 trident!
A goblin comes into view. It is wielding a +0 club.
You hear a shout!
A gnoll comes into view. It is wielding a +0 halberd.
The gnoll attacks as it pursues you! The gnoll barely misses you.
The goblin attacks as it pursues you! The goblin hits you but does no damage.
You see here a +2 whip of holy wrath.
Things that are here:
a rat corpse; a ball python corpse; a gnoll corpse You slash the goblin!
You kill the goblin!
Okay, then.
You feel yourself speed up. The gnoll hits you with a +0 trident.
Things that are here:
a rat corpse; a ball python corpse; a gnoll corpse You completely miss the gnoll.
The gnoll barely misses you.
You closely miss the gnoll. The gnoll hits you with a +0 trident.
* * * LOW HITPOINT WARNING * * *
You slash the gnoll!
The gnoll is severely wounded.
You barely miss the gnoll.
The gnoll is severely wounded.
The gnoll hits you with a +0 trident!
* * * LOW HITPOINT WARNING * * *
You hit the gnoll but do no damage.
The gnoll is severely wounded.
The gnoll hits you with a +0 trident!
You die... ∙∙∙∙ ∙ ∙∙∙▒ ∙∙∙∙▒ ∙▒∙∙▒▒▒ ▒▒▒▒▒▒▒ ∙∙∙∙∙ ▒∙∙∙>∙▒ ▒∙∙▒ ▒∙∙∙∙∙▒▒▒▒▒∙∙▒ ▒∙∙∙∙∙∙∙6ggg∙▒

▒∙∙∙∙∙▒▒▒▒▒▒∙▒
▒>∙∙∙∙▒∙∙∙∙{∙▒
▒▒▒▒▒∙▒∙)∙∙∙∙∙gg·
▒∙∙∙∙∙∙∙∙∙▒▒▒▒▒▒∙
▒∙∙∙∙∙∙∙∙)▒ ▒∙
▒∙∙∙∙∙∙∙∙∙▒ ▒∙
▒∙∙∙∙∙∙▒∙∙▒ ▒▒
▒∙∙∙∙∙▒▒▒∙▒


You could see 3 gnolls.

Vanquished Creatures
  5 gnolls
  A ribbon worm (D:2)
  2 dart slugs
  An orc (D:3)
  2 bats
  7 endoplasms
  A giant cockroach (D:1)
  6 hobgoblins
  3 quokkas
  3 ball pythons
  4 frilled lizards
  7 goblins
  4 kobolds
  7 rats
53 creatures vanquished.

Notes
Turn   | Place    | Note
-------+----------+-------------------------------------------
     0 | D:1      | Zeor the Demonspawn Gladiator began the quest for the Orb.
     0 | D:1      | Reached XP level 1. HP: 16/16 MP: 1/1
   152 | D:1      | Gained mutation: You sometimes gain a little power by
                  | taking damage. [demonic ancestry]
   152 | D:1      | Reached XP level 2. HP: 22/22 MP: 2/2
   375 | D:1      | Identified a scroll of acquirement
   375 | D:1      | Acquired a manual of Air Magic
   543 | D:1      | Gained mutation: You regenerate a little health from kills.
                  | [demonic ancestry]
   543 | D:1      | Reached XP level 3. HP: 25/28 MP: 3/3
   738 | D:2      | Reached skill level 1 in Armour
   744 | D:2      | Gained mutation: You have a pair of small antennae on your
                  | head. [demonic ancestry]
   744 | D:2      | Reached XP level 4. HP: 32/34 MP: 4/4
   804 | D:2      | Identified the +0 falchion of Kismet {drain, +Blink MP+9
                  | Str+4 Dex-5}
  1197 | D:2      | Found a stormy altar of Qazlal.
  1897 | D:3      | Mangled by a gnoll

Illustrated notes

Levels and vault maps discovered:
D:1:      roderic_crop_circles_arrival_small, layout_rooms, minmay_cupped
D:2:      layout_basic, basic_altar, chequers_mini_garden,
          dreamdust_wishing_well, roderic_serpentine_path
D:3:      cheibrodos_pilgrimage, layout_loops_ring, serial_shops, shop, shop,
          dreamdust_ecumenical_altar_hidden_monk_grotto, ebering_ghost_sewer_f,
          st_stairs_6

Skill      XL: |  1  2  3 |
---------------+----------+-----
Throwing       | 2 |  2.0
Long Blades    | 3 |  3.6
Dodging        | 3 |  3.2
Armour         | 1 |  1.4
Fighting       | |  2.6
Stealth        | |  0.4

Action                     |  1- 3 |  4- 6 || total
---------------------------+-------+-------++-------
  Melee: Long sword        |    89 |    65 ||   154
         Punch             |     1 |       ||     1
    Use: Scroll            |     5 |     3 ||     8
         Potion            |     2 |     1 ||     3
   Stab: Sleeping          |     1 |     1 ||     2
         Distracted        |       |     1 ||     1
 Armour: Leather armour    |    32 |    34 ||    66
         Skin              |    36 |       ||    36
  Dodge: Dodged            |    19 |    41 ||    60
